 Dungeon Crawl Stone Soup version 0.28.0-43-g3370ac3207 (webtiles) character file.

Game seed: 8480630436125346126

10297 mortz the Destroyer (level 11, -7/55 HPs)
             Began as a Tengu Air Elementalist on Mar 28, 2022.
             Was a Believer of Sif Muna.
             Drowned by a water elemental (9 damage)
             ... on level 11 of the Dungeon.
             The game lasted 01:17:36 (15367 turns).

mortz the Destroyer (Tengu Air Elementalist)       Turns: 15367, Time: 01:17:37

Health: -7/55      AC: 16    Str:  6    XL:     11   Next: 59%
Magic:  22/25      EV: 15    Int: 19    God:    Sif Muna [**....]
Gold:   314        SH:  0    Dex: 15    Spells: 12/28 levels left

rFire   + . .      SeeInvis .   U - +11 flail "Fome" {freeze, +Blink rF+ Str-3, mace}
rCold   . . .      Faith    .   (no shield)
rNeg    . . .      Spirit   .   A - +0 troll leather armour
rPois   .          Reflect  .   (helmet restricted)
rElec   .          Harm     .   M - +0 cloak
rCorr   .          Rampage  .   V - +2 pair of gloves
Will    .....                   (boots unavailable)
Stlth   ++........              (no amulet)
HPRegen 0.98/turn               j - +4 ring of protection
MPRegen 0.19/turn               G - +4 ring of protection

@: engulfed (cannot breathe), flying quickly and evasively, very slightly
contaminated, studying Conjurations, quick
A: beak, talons 3, nimble flight
a: Renounce Religion, Evoke Blink, Channel Magic


You were on level 11 of the Dungeon.
You worshipped Sif Muna.
Sif Muna was pleased with you.
You visited 2 branches of the dungeon, and saw 12 of its levels.
You also visited: Sewer.

You collected 758 gold pieces.
You spent 444 gold pieces at shops.


Innate Abilities, Weirdness & Mutations

You have a beak for a mouth.
You have claws for feet.
Your magical nature lets you fly swiftly and evasively.


   Skills:
 + Level 0.7 Fighting
 + Level 3.4 Maces & Flails
 + Level 3.2 Armour
 + Level 4.6 Dodging
 + Level 4.0 Stealth
 + Level 9.2 Spellcasting
 + Level 14.1 Conjurations
 * Level 2.0 Translocations
 + Level 12.3 Air Magic
 * Level 2.7 Invocations
 * Level 0.5 Evocations


You had 12 spell levels left.
You knew the following spells:

 Your Spells              Type           Power      Damage    Failure   Level
a - Shock                 Conj/Air       100%       1d9       1%          1
b - Static Discharge      Conj/Air       56%        N/A       1%          2
c - Airstrike             Air            27%        N/A       1%          4
d - Swiftness             Air            54%        N/A       1%          3
e - Iskenderun's Mystic   Conj/Tloc      39%        2d9       4%          4
f - Blink                 Tloc           32%        N/A       8%          2

Your spell library contained the following spells:

 Spells                   Type           Power      Damage    Failure   Level
 Dazzling Flash           Conj/Hex       70%        N/A       1%          3
 Lesser Beckoning         Tloc           16%        N/A       16%         3
 Starburst                Conj/Fire      17%        6d6       71%         6
 Manifold Assault         Tloc           16%        N/A       82%         5

Inventory:

Hand Weapons
 c - a +0 rapier {short}
   (You found it on level 1 of the Dungeon)
 i - the +5 whip of Noon {freeze, *Noise Fly rElec, mace}
   (You found it on level 2 of the Dungeon)

   It freezes those it strikes, dealing additional cold damage.
   It can also slow down cold-blooded creatures.
   rElec:     It insulates you from electricity.
   Fly:       It grants you flight.
   *Noise:    It may make noises in combat.
 s - a +2 vampiric whip {mace}
   (You took it off a kobold brigand in a sewer)
 O - a +3 dagger of draining {short}
   (You took it off an orc wizard on level 7 of the Dungeon)
 R - a +5 war axe of freezing {axe}
   (You took it off a wight on level 8 of the Dungeon)
 S - a +3 trident {polearm}
   (You took it off a wight on level 8 of the Dungeon)
 U - the +11 flail "Fome" (weapon) {freeze, +Blink rF+ Str-3, mace}
   (You found it on level 9 of the Dungeon)

   It freezes those it strikes, dealing additional cold damage.
   It can also slow down cold-blooded creatures.
   Str:       It affects your strength (-3).
   rF:        It protects you from fire.
   +Blink:    It lets you blink.
Missiles
 q - 45 poisoned darts {throwing}
 z - 3 boomerangs {throwing}
Armour
 d - a +0 ring mail
   (You found it on level 1 of the Dungeon)
 m - a +0 pair of gloves
   (You found it on level 2 of the Dungeon)
 A - a +0 troll leather armour (worn)
   (You found it on level 10 of the Dungeon)
 M - a +0 cloak (worn)
   (You found it on level 4 of the Dungeon)
 V - a +2 pair of gloves (worn)
   (You found it on level 10 of the Dungeon)
Magical Staves
 b - a staff of earth {!astaff}
   (You found it on level 10 of the Dungeon)
Jewellery
 j - a +4 ring of protection (left hand)
   (You found it on level 2 of the Dungeon)
 v - a ring of fire
   (You took it off a kobold in a sewer)
 B - a +6 ring of strength
   (You took it off an orc on level 3 of the Dungeon)
 E - a +6 ring of dexterity
   (You found it on level 4 of the Dungeon)
 G - a +4 ring of protection (right hand)
   (You found it on level 4 of the Dungeon)
 N - a ring of fire
   (You took it off a centaur on level 6 of the Dungeon)
Wands
 o - a wand of paralysis (5)
   (You found it on level 2 of the Dungeon)
 K - a wand of iceblast (15)
   (You found it on level 4 of the Dungeon)
Scrolls
 g - a scroll of amnesia
 w - a scroll of enchant armour
 y - 3 scrolls of magic mapping {!r}
 C - a scroll of immolation {unknown}
 H - a scroll of fear {unknown}
 I - 4 scrolls of teleportation {@r4}
 L - a scroll of enchant weapon {unknown}
Potions
 f - 6 potions of curing {@q1}
 h - 3 potions of lignification {!q}
 n - a potion of haste {@q3}
 p - 2 potions of ambrosia {unknown}
 r - 2 potions of cancellation {unknown}
 t - 6 potions of might
 u - 4 potions of heal wounds {@q2}
 x - 3 potions of magic
 F - 2 potions of mutation {unknown}
 Q - a potion of brilliance {unknown}
 W - a potion of resistance

Dungeon Overview and Level Annotations

Branches:
Dungeon (11/15)            Temple (1/1) D:7            Lair (0/6) D:8
    Orc (0/2) D:9           Sewer (visited)

Altars:
Ashenzari
Cheibriados
Dithmenos
Elyvilon
Fedhas
Gozag
Hepliaklqana
Kikubaaqudgha
Makhleb
Nemelex Xobeh
Okawaru
Qazlal
Ru
Sif Muna
Trog
Uskayaw
Vehumet
Wu Jian
Xom
Yredelemnul
Zin
The Shining One

Shops:
D:10 !

Annotations:
D:3 1 runed translucent door, foureyesage's ghost, weakling NaVM
D:7 3 runed translucent doors, Anonymone's ghost, novice DsVM

# #. #. ##
#.#####!#
#.!....# #@#..##
#.....E##<..#
.........!.##
≈≈.≈S...≈≈≈≈#
≈≈≈≈≈S≈..≈≈≈≈≈
≈≈≈≈#≈≈≈≈≈≈≈≈≈≈
≈≈≈≈≈≈≈≈≈≈≈≈≈≈≈≈≈
≈≈.≈≈≈≈≈≈≈≈≈≈≈≈≈≈
≈≈≈≈≈≈≈≈≈≈≈≈≈≈#


You could see a water elemental and 2 electric eels.


Message History

There is a stone staircase leading down here. 😱 HP[+2]
You regained 2 hp, and now have 13/55 hp.
Casting: Static Discharge (safe; 1% risk of failure)
Confirm with . or Enter, or press ? or * to list all spells.
The wraith is struck by an arc of lightning.
You are struck by an arc of lightning.
* * * LOW HITPOINT WARNING * * *
The lightning grounds out.
The wraith hits you but does no damage. 😱 HP[-2] MP[-1]
You take 2 damage, and now have 11/55 hp.
You lost 1 mp, and now have 5/25 mp.
Casting: Static Discharge (safe; 1% risk of failure)
Confirm with . or Enter, or press ? or * to list all spells.
The wraith is struck by an arc of lightning!
You are struck by an arc of lightning.
* * * LOW HITPOINT WARNING * * *
The wraith is struck by an arc of lightning.
You destroy the wraith!
Sif Muna accepts your kill.
You are struck by an arc of lightning.
* * * LOW HITPOINT WARNING * * *
The lightning grounds out. 😱 HP[-2] MP[-2]
You take 2 damage, and now have 9/55 hp.
You lost 2 mp, and now have 3/25 mp.
You start resting.
You feel yourself speed up.
You are no longer corroded. 😎 HP[+46] MP[+9]
Your hp is fully restored (55).
You regained 9 mp, and now have 12/25 mp.
You start resting. 😎 MP[+13]
Your mp is fully restored (25).
You fly downwards.
The electric eel shoots out a bolt of lightning at you!
The bolt of electricity misses you.
The electric eel shoots out a bolt of lightning at you!
The bolt of electricity hits the water elemental.
The water elemental resists.
The bolt of electricity hits you!
There is a stone staircase leading up here. 😕 HP[-8]
You take 8 damage, and now have 47/55 hp.
Casting: Static Discharge (safe; 1% risk of failure)
Confirm with . or Enter, or press ? or * to list all spells.
You miscast Iskenderun's Mystic Blast.
You are very lightly contaminated with residual magic.
The floor and the ceiling briefly switch places.
You are magically locked in place.
The water elemental hits you.
The water elemental engulfs you in water!
The electric eel shoots out a bolt of lightning at you!
The bolt of electricity hits the water elemental.
The water elemental resists.
The bolt of electricity hits you. 😕 HP[-5] MP[-4]
You take 5 damage, and now have 42/55 hp.
You lost 4 mp, and now have 21/25 mp.
You cannot cast spells while unable to breathe!
You closely miss the water elemental.
You claw the water elemental, but do no damage.
Your lungs strain for air!
The water elemental closely misses you.
The electric eel shoots out a bolt of lightning at you!
The bolt of electricity hits the water elemental.
The water elemental resists.
The bolt of electricity misses you.
The water elemental completely misses you. 😮 HP[-5]
You take 5 damage, and now have 37/55 hp.
You hit the water elemental. You freeze the water elemental.
Your kick misses the water elemental.
Your lungs strain for air!
The electric eel shoots out a bolt of lightning at you!
The bolt of electricity hits the water elemental.
The water elemental resists.
The bolt of electricity hits you!
* * * LOW HITPOINT WARNING * * *
The water elemental barely misses you. 😨 HP[-13]
You take 13 damage, and now have 24/55 hp.
MASSIVE DAMAGE!! (PAUSE)
You cannot move.
You sock the water elemental! You freeze the water elemental.
You peck the water elemental, but do no damage.
* * * LOW HITPOINT WARNING * * *
Your lungs strain for air!
You are no longer locked in place.
The electric eel shoots out a bolt of lightning at you!
The bolt of electricity hits the water elemental.
The water elemental resists.
The bolt of electricity hits you!
* * * LOW HITPOINT WARNING * * *
The water elemental closely misses you.
The electric eel shoots out a bolt of lightning at you!
The bolt of electricity hits the water elemental.
The water elemental resists.
The bolt of electricity hits you!
* * * LOW HITPOINT WARNING * * *
😱 HP[-22] MP[+1]
You take 22 damage, and now have 2/55 hp.
MASSIVE DAMAGE!! (PAUSE)
You hit the water elemental. You freeze the water elemental.
Your kick misses the water elemental.
You die...

Skill      XL: |  1  2  3  4  5  6  7  8  9 10 11 |
---------------+----------------------------------+-----
Conjurations   | 2 3 4 5 7 9 13 14 | 14.1
Air Magic      | 5 6 7 9 10 11 12 | 12.3
Spellcasting   | 3 4 5 7 8 9 |  9.2
Maces & Flails | 1 3 |  3.4
Stealth        | 3 4 |  4.0
Armour         | 1 2 3 |  3.2
Dodging        | 3 4 |  4.6
Invocations    | 1 2 |  2.7
Translocations | 2 |  2.0
Fighting       | |  0.7
Evocations     | |  0.5

Action                   |  1- 3 |  4- 6 |  7- 9 | 10-12 || total
-------------------------+-------+-------+-------+-------++-------
Melee: Rapier            |    10 |       |       |       ||    10
       Kick              |     3 |     1 |       |     2 ||     6
       Whip              |       |    13 |     6 |     2 ||    21
       Peck              |       |     2 |     1 |     1 ||     4
       Flail             |       |       |       |     4 ||     4
 Cast: Shock             |    61 |    64 |   232 |   161 ||   518
       Static Discharge  |     4 |     9 |    71 |   120 ||   204
  Use: Scroll            |       |       |       |     9 ||     9
Armor: Robe              |     2 |    10 |     3 |       ||    15
       Leather armour    |       |       |    29 |    35 ||    64
       Troll leather arm |       |       |       |     8 ||     8
Dodge: Dodged            |    10 |    21 |    69 |    71 ||   171

Levels and vault maps discovered:
D:1:      psy_arrival_radial01, layout_loops_corners,
          ebering_ecumenical_altar_webs
D:2:      layout_basic
D:3:      layout_loops_ring, lemuel_tele_altar, zin_treasury,
          pdpol_wu_jian_five_deadly_venoms, cheibrodos_sewer_entry_drain,
          ebering_ghost_sewer_d
D:4:      minmay_chambers_of_twos, layout_layer_cave, uniq_blork_the_orc,
          uniq_eustachio
D:5:      layout_rooms, nicolae_ossuary_entry_monument,
          corexii_leaking_fountain, corexii_corridor_pit,
          kennysheep_windowed_goal
D:6:      layout_cave_pools, ebering_ghost_reflecting_pool,
          minmay_manual_monolith
D:7:      layout_cave_pools, temple_green, gammafunk_ghost_nasty_kobolds
D:8:      layout_basic, mainiacjoe_overflow_catch_the_wave, dpeg_oklobed_lair,
          hex_intersection
D:9:      layout_basic, tso_oasis_becter, orc_0_dummy
D:10:     layout_roguey, mainiacjoe_overflow_surrounded_room, serial_aquarium,
          aquarium_bridge_straight [aquarium_subvault_bridge,
          aquarium_subvault_balcony, aquarium_subvault_bridge,
          aquarium_subvault_wall], aquarium_bridge_long_separate
          [aquarium_subvault_bridge, aquarium_subvault_balcony,
          aquarium_subvault_window, aquarium_subvault_window,
          aquarium_subvault_bridge, aquarium_subvault_bridge],
          aquarium_window_corridor_1, aquarium_window_1, aquarium_view_2c,
          aquarium_view_2c, aquarium_pool_2, serial_shops,
          nicolae_shop_waterfront, uniq_nergalle
D:11:     erik_rubicon_b, layout_loops_ring, nicolae_gozag_seed_capital,
          uniq_josephine, uniq_urug
Temple:   bh_familiar_temple

Notes
Turn   | Place    | Note
-------+----------+-------------------------------------------
     0 | D:1      | mortz the Tengu Air Elementalist began the quest for the
                  | Orb.
     0 | D:1      | Reached XP level 1. HP: 10/10 MP: 4/4
     0 | D:1      | magus.rc [v1.9.6]
   199 | D:1      | Reached XP level 2. HP: 13/15 MP: 0/6
   314 | D:1      | Learned a level 2 spell: Static Discharge
   527 | D:1      | Found a faded altar of an unknown god.
   932 | D:1      | You pick up a book of Spectacle and begin reading...
   932 | D:1      | You add the spells Dazzling Flash, Iskenderun's Mystic
                  | Blast and Starburst to your library.
  1277 | D:2      | Reached XP level 3. HP: 15/19 MP: 0/7
  1288 | D:2      | Identified the +5 whip of Noon {freeze, *Noise Fly rElec}
  1604 | D:2      | Reached skill level 2 in Conjurations
  2136 | D:3      | Reached skill level 5 in Air Magic
  2172 | D:3      | Reached XP level 4. HP: 24/24 MP: 4/9
  2181 | D:3      | Reached skill level 3 in Spellcasting
  2181 | D:3      | Reached skill level 3 in Conjurations
  2272 | D:3      | Gained mutation: Your magical nature lets you fly swiftly
                  | and evasively. [Tengu growth]
  2272 | D:3      | Reached XP level 5. HP: 28/28 MP: 6/10
  2322 | D:3      | Found a glowing silver altar of Zin.
  2371 | D:3      | Found a glowing drain.
  2436 | Sewer    | Entered a sewer
  2955 | Sewer    | Found a burning altar of Makhleb.
  2955 | Sewer    | Noticed a kobold brigand
  3265 | Sewer    | Noticed Grinder
  3286 | Sewer    | Killed Grinder
  3287 | Sewer    | Reached skill level 4 in Conjurations
  3287 | Sewer    | Reached skill level 6 in Air Magic
  3287 | Sewer    | Reached XP level 6. HP: 18/32 MP: 0/12
  3399 | Sewer    | HP: 5/32 [kobold brigand/+2 vampiric whip (4)]
  3401 | Sewer    | Reached skill level 4 in Spellcasting
  3401 | Sewer    | Reached XP level 7. HP: 6/36 MP: 5/14
  3408 | Sewer    | HP: 5/36 [shadow imp (2)]
  3704 | Sewer    | Reached skill level 1 in Maces & Flails
  3994 | D:3      | Reached skill level 5 in Conjurations
  4014 | D:3      | Found a runed translucent door.
  4025 | D:3      | Noticed foureyesage's ghost (weakling NaVM)
  4453 | D:3      | Found an iron altar of Okawaru.
  4739 | D:3      | Found an ornate altar of the Wu Jian Council.
  5048 | D:4      | Noticed Blork the orc
  5055 | D:4      | Killed Blork the orc
  5096 | D:4      | Reached skill level 7 in Air Magic
  5145 | D:4      | Reached skill level 3 in Stealth
  5365 | D:4      | Learned a level 4 spell: Airstrike
  5896 | D:4      | Noticed Eustachio
  5933 | D:4      | Killed Eustachio
  5934 | D:4      | Reached XP level 8. HP: 41/41 MP: 6/16
  6323 | D:4      | Reached skill level 5 in Spellcasting
  6323 | D:4      | Reached skill level 6 in Conjurations
  6586 | D:4      | magus.rc [v1.9.6]
  6586 | D:4      | magus.rc [v1.9.6]
  6621 | D:5      | Entered Level 5 of the Dungeon
  6799 | D:5      | Reached skill level 8 in Air Magic
  6927 | D:5      | Reached skill level 1 in Armour
  7769 | D:6      | Reached skill level 7 in Conjurations
  7831 | D:6      | Reached skill level 9 in Air Magic
  7831 | D:6      | Reached XP level 9. HP: 45/45 MP: 10/18
  7832 | D:6      | Reached skill level 3 in Dodging
  7832 | D:6      | Reached skill level 6 in Spellcasting
  8006 | D:6      | Reached skill level 2 in Armour
  8085 | D:6      | Reached skill level 8 in Conjurations
  8609 | D:6      | Found a runed translucent door.
  8609 | D:6      | Noticed spaghetti's ghost (amateur DDEE)
  8952 | D:6      | Killed spaghetti's ghost
  8953 | D:6      | Reached skill level 10 in Air Magic
  9059 | D:6      | Reached skill level 7 in Spellcasting
  9116 | D:7      | Reached skill level 9 in Conjurations
  9260 | D:7      | Learned a level 3 spell: Swiftness
  9326 | D:7      | Found a runed translucent gate.
  9327 | D:7      | Found a runed translucent gate.
  9328 | D:7      | Noticed a kobold demonologist
  9328 | D:7      | Found a runed translucent gate.
  9329 | D:7      | Noticed Anonymone's ghost (novice DsVM)
  9343 | D:7      | Reached XP level 10. HP: 51/51 MP: 11/22
  9474 | D:7      | Reached skill level 10 in Conjurations
  9582 | D:7      | Found a staircase to the Ecumenical Temple.
  9589 | Temple   | Entered the Ecumenical Temple
  9646 | Temple   | Became a worshipper of Sif Muna the Loreminder
 10432 | D:8      | Found a staircase to the Lair.
 10601 | D:8      | Reached skill level 11 in Conjurations
 10807 | D:8      | Reached skill level 11 in Air Magic
 10815 | D:8      | Reached skill level 4 in Stealth
 10938 | D:8      | Reached skill level 8 in Spellcasting
 11026 | D:8      | Found a blossoming altar of Fedhas.
 11030 | D:8      | Found a white marble altar of Elyvilon.
 11222 | D:8      | Reached skill level 12 in Conjurations
 11307 | D:8      | Reached * piety under Sif Muna
 11682 | D:9      | Noticed a two-headed ogre
 11698 | D:8      | Killed a two-headed ogre
 11699 | D:8      | Reached skill level 1 in Invocations
 12330 | D:9      | Reached skill level 13 in Conjurations
 12555 | D:9      | Reached skill level 4 in Dodging
 12718 | D:9      | Reached skill level 3 in Armour
 12837 | D:9      | You pick up a book of Spatial Translocations and begin
                  | reading...
 12837 | D:9      | You add the spells Blink, Lesser Beckoning and Manifold
                  | Assault to your library.
 12843 | D:9      | Learned a level 4 spell: Iskenderun's Mystic Blast
 13176 | D:9      | Identified the +11 flail "Fome" {freeze, +Blink rF+ Str-3}
 13193 | D:9      | Found a glowing golden altar of the Shining One.
 13286 | D:9      | Found a staircase to the Orcish Mines.
 13342 | D:9      | Reached XP level 11. HP: 36/55 MP: 12/24
 13460 | D:9      | Reached skill level 2 in Maces & Flails
 13703 | D:10     | Entered Level 10 of the Dungeon
 13799 | D:10     | Noticed a two-headed ogre
 13811 | D:10     | Killed a two-headed ogre
 13812 | D:10     | Reached skill level 1 in Translocations
 13812 | D:10     | Reached skill level 2 in Invocations
 13877 | D:10     | Learned a level 2 spell: Blink
 13891 | D:10     | Found a burning altar of Makhleb.
 14134 | D:10     | Found Kuiwess's Distillery.
 14140 | D:10     | Bought a potion of haste for 120 gold pieces
 14140 | D:10     | Bought a potion of degeneration for 12 gold pieces
 14140 | D:10     | Bought a potion of resistance for 120 gold pieces
 14140 | D:10     | Bought 2 potions of magic for 192 gold pieces
 14173 | D:10     | Noticed a two-headed ogre
 14185 | D:10     | Killed a two-headed ogre
 14186 | D:10     | Reached skill level 12 in Air Magic
 14442 | D:10     | Reached skill level 3 in Maces & Flails
 14567 | D:10     | Noticed Nergalle
 14585 | D:10     | Killed Nergalle
 14790 | D:10     | Reached skill level 9 in Spellcasting
 14792 | D:10     | Reached skill level 14 in Conjurations
 15238 | D:11     | Reached skill level 2 in Translocations
 15241 | D:11     | Reached ** piety under Sif Muna
 15243 | D:11     | HP: 11/55 [electric eel/bolt of electricity (12)]
 15366 | D:11     | HP: 9/55 [electric eel/bolt of electricity (8)]
 15366 | D:11     | HP: 2/55 [electric eel/bolt of electricity (7)]
 15367 | D:11     | Drowned by a water elemental

Vanquished Creatures
  3 two-headed ogres
  Nergalle (D:10)
  A kobold demonologist (D:10)
  A troll (D:10)
  Grinder (Sewer)
  A vampire (D:9)
  8 yaks
  A wraith (D:10)
  Eustachio (D:4)
  A wyvern (D:8)
  2 steam dragons (D:9)
  3 vampire mosquitoes (D:11)
  2 water moccasins
  An acid dragon (D:11)
  2 orc warriors
  An ice beast (D:6)
  3 ogres
  A black bear (D:5)
  2 necrophages
  The ghost of spaghetti the Digger, an amateur DDEE of Cheibriados (D:6)
  6 centaurs
  5 kobold brigands
  A wyvern zombie (D:5)
  5 bullfrogs
  3 scorpions
  Blork the orc (D:4)
  12 killer bees
  11 wights
  3 howler monkeys
  4 centaur zombies
  A centaur skeleton (D:7)
  3 jellies
  4 hounds
  A quasit (Sewer)
  6 orc priests
  2 bullfrog skeletons
  2 iguanas
  9 orc wizards
  4 howler monkey zombies
  A howler monkey skeleton (D:6)
  5 adders
  4 gnolls (D:3)
  4 shadow imps
  2 white imps
  4 ufetubi
  An adder skeleton (D:4)
  3 worms
  28 orcs
  3 bats
  9 endoplasms
  4 giant cockroaches
  5 goblins
  6 hobgoblins
  5 jackals
  33 kobolds
  3 quokkas
  12 ball pythons
  4 frilled lizards
  5 rats
261 creatures vanquished.

Vanquished Creatures (others)
  An endoplasm (Sewer)
  65 fungi
  7 plants
73 creatures vanquished.

Grand Total: 334 creatures vanquished

Table legend:
 A = Non-vault XP
 B = Vault XP
 C = Vault XP percentage of total XP
 D = Non-vault monster count
 E = Vault monster count
 F = Vault count percentage of total count
                 A         B        C        D         E       F
            +---------+---------+-------+---------+---------+-------
      Total |   12351 |    2359 |  16.0 |     212 |      49 |  18.8
            +---------+---------+-------+---------+---------+-------
        D:1 |      31 |       0 |   0.0 |      18 |       0 |   0.0
        D:2 |      41 |       0 |   0.0 |      12 |       0 |   0.0
        D:3 |     227 |      13 |   5.4 |      25 |       4 |  13.8
        D:4 |     351 |     482 |  57.9 |      23 |      10 |  30.3
        D:5 |     463 |      43 |   8.5 |      10 |       1 |   9.1
        D:6 |    1269 |     454 |  26.3 |      25 |       5 |  16.7
        D:7 |    1263 |       0 |   0.0 |      29 |       0 |   0.0
        D:8 |    2937 |       0 |   0.0 |      32 |       0 |   0.0
        D:9 |    1464 |       0 |   0.0 |      21 |       0 |   0.0
       D:10 |    3507 |     781 |  18.2 |      11 |       1 |   8.3
       D:11 |     798 |       0 |   0.0 |       6 |       0 |   0.0
      Sewer |       0 |     586 | 100.0 |       0 |      28 | 100.0
            +---------+---------+-------+---------+---------+-------

Illustrated notes

Table legend:
 A = Kills in this place as a percentage of kills in entire the game.
 B = Kills by you in this place as a percentage of kills by you in the entire game.
 C = Kills by friends in this place as a percentage of kills by friends in the entire game.
 D = Other kills in this place as a percentage of other kills in the entire game.
 E = Experience gained in this place as a percentage of experience gained in the entire game.
 F = Experience gained in this place divided by the number of levels of this place that you have seen.
                   A       B       C       D       E      F
               +-------+-------+-------+-------+-------+----------------------
         Total | 100.0 | 100.0 |   N/A |   N/A | 100.0 | 1131.5
       Dungeon |  89.3 |  89.3 |   N/A |   N/A |  96.0 | 1284.0
         Sewer |  10.7 |  10.7 |   N/A |   N/A |   4.0 | 586.0
               +-------+-------+-------+-------+-------+----------------------

Table legend: (Time is in decaauts)
 A = Elapsed time spent in this place.
 B = Non-inter-level travel time spent in this place.
 C = Inter-level travel time spent in this place.
 D = Time resting spent in this place.
 E = Time spent auto-exploring this place.
 F = Levels seen in this place.
 G = Mean time per level.
                   A        B        C        D        E       F      G
               +--------+--------+--------+--------+--------+-----+--------+
         Total |  14769 |  14517 |    252 |   3241 |   9370 |  13 | 1136.1 |
       Dungeon |  13198 |  12956 |    242 |   2465 |   8844 |  11 | 1199.8 |
        Temple |    165 |    155 |     10 |      0 |    147 |   1 |  165.0 |
         Sewer |   1404 |   1404 |      0 |    775 |    378 |   1 | 1404.0 |
               +--------+--------+--------+--------+--------+-----+--------+

Top non-repeatable levels by time:
     D:4: 2048 daAuts
     D:9: 1717 daAuts
    D:10: 1573 daAuts
     D:8: 1497 daAuts
   Sewer: 1404 daAuts
     D:6: 1291 daAuts
     D:3: 1258 daAuts
     D:1: 1223 daAuts
     D:7: 1011 daAuts
     D:2: 870 daAuts
     D:5: 682 daAuts
  Temple: 165 daAuts
    D:11: 24 daAuts
